AoeStats
← NuMa | JuanMan

Arabia

509682447Analyzed
3v3 RM · 5d ago on Sep 27, 2026· 19m 47s· 6 players
Game mode
Random Map
Map size
Normal (6 player)
Population
200
Speed
Normal
Resources
Standard
Victory
Conquest
Starting age
Dark Age
Ending age
Imperial Age
RankedLock teamsTeams togetherTeam positionsShared explorationLock speedFull tech treeHidden civsTurbo modeCheats
Victory
Defeat
🇨🇴 Vietnamese · Colombia
1498
+15
🇨🇴 Vikings · Colombia
1353
+21
🇨🇴 Burgundians · Colombia
1310
+23
🇫🇷 Britons · France
1526
-22
🇫🇷 Ethiopians · France
1504
-21
🇫🇷 Berbers · France
1368
-16
Camo
7:10 Loom
9:45 Feudal Age
9:46 Man-at-Arms
12:16 Double-Bit Axe
14:05 Fletching
16:56 Padded Archer Armor
18:09 Town Watch
22:07 Castle Age
Caminante Blanco
7:15 Loom
9:37 Feudal Age
10:08 Double-Bit Axe
11:43 Fletching
15:50 Padded Archer Armor
NuMa | JuanMan
5:40 Double-Bit Axe
6:29 Loom
9:27 Feudal Age
9:01 Horse Collar
10:32 Wheelbarrow
10:50 Wheelbarrow
11:10 Bow Saw
15:09 Forging
17:00 Scale Barding Armor
19:19 Scale Mail Armor
22:22 Castle Age
AstrowPro
3:19 Loom
9:57 Feudal Age
10:45 Double-Bit Axe
11:55 Forging
18:36 Scale Barding Armor
18:19 Horse Collar
tony le gros rou
6:54 Loom
9:10 Feudal Age
14:07 Fletching
19:25 Double-Bit Axe
Tonymontana
5:40 Loom
8:44 Feudal Age
9:58 Double-Bit Axe
12:24 Fletching
14:44 Padded Archer Armor
Connection lost

Rejoining the realm…

Still unreachable

The connection could not be restored.

Session expired

The server has moved on; the page needs a fresh start.